 Dungeon Crawl Stone Soup version 0.31-a0-851-g7ff8af7976 (webtiles) character file.

Game seed: 6988438928739269056

10 Kurtz the Sneak (level 2, -4/24 HPs)
             Began as a Mummy Delver on Oct 6, 2023.
             Killed from afar by Sigmund (13 damage)
             ... with a puff of flame
             ... on level 3 of the Dungeon.
             The game lasted 00:00:28 (162 turns).

Kurtz the Sneak (Mummy Delver)                       Turns: 162, Time: 00:00:29

Health: -4/24      AC:  3    Str: 15    XL:     2   Next: 10%
Magic:  2/2        EV: 11    Int:  9    God:
Gold:   15         SH:  0    Dex: 13    Spells: 1/1 levels left

rFire   x . .        a - +0 hand axe
rCold   + . .        (no shield)
rNeg    + + +        b - +0 leather armour
rPois   ∞            (no helmet)
rElec   .            (no cloak)
rCorr   .            (no gloves)
SInv    .            (no boots)
Will    .....        (no amulet)
Stlth   +            (no ring)
HPRegen 0.24/turn    (no ring)
MPRegen 0.08/turn

%: faith
@: confused
A: cold resistance 1, negative energy resistance 3, torment resistance 2, heat
vulnerability 1, in touch with death 1, no potions, faith
a: no special abilities


You were on level 3 of the Dungeon.
You visited 1 branch of the dungeon, and saw 3 of its levels.

You collected 15 gold pieces.

Inventory:

Hand Weapons
 a - a +0 hand axe (weapon)
Armour
 b - a +0 leather armour (worn)
Wands
 f - a wand of digging (3)
Scrolls
 c - a scroll of fog
 d - a scroll of revelation
 e - a scroll of fear
 g - a scroll of teleportation {unknown}


   Skills:
 - Level 3.0 Fighting
 * Level 2.3 Axes
 - Level 1.5 Dodging
 - Level 4.1 Stealth


You had one spell level left.
You didn't know any spells.
Your spell library was empty.

Dungeon Overview and Level Annotations

Branches:
Dungeon (5/15)
 Temple: D:4-7

Altars:

Annotations:
D:3 1 exclusion, Sigmund


Innate Abilities, Weirdness & Mutations

You are immune to poison.
Your flesh is cold resistant. (rC+)
You are immune to negative energy. (rN+++)
You are immune to unholy pain and torment.
You are vulnerable to heat. (rF-)
You are in touch with the powers of death.
You do not drink.
You have a special connection with the divine. (Faith)


Message History

There is a stone staircase leading down here.
Found a spear.
You see here a +0 spear.
A kobold comes into view. It is wielding a +0 dagger.
The kobold shouts!
You hit the kobold.
You kill the kobold!
You have reached level 2!
Found a scroll labelled FUBITOULEF.
g - a scroll labelled FUBITOULEF
Press: ? - help, v - describe, . - travel The floor.
Placed new exclusion.
Reduced exclusion size to a single square.
An orc comes into view.
It is wielding a +0 flail of holy wrath.
The orc shouts!
You hear a shout! x2
The orc hits you with a +0 flail of holy wrath.
You convulse.
You closely miss the orc. The orc misses you.
You hit the orc.
The orc is moderately wounded.
An orc comes into view. It is wielding a +0 club.
The orc completely misses you.
You hit the orc.
You kill the orc!
Sigmund hits you with a +0 scythe!
You are too injured to fight recklessly!
Sigmund hits you from afar with a +0 scythe!
* * * LOW HITPOINT WARNING * * *
Sigmund breathes a few words.
Sigmund's hands start flickering wildly.
Sigmund smiles chillingly.
Sigmund casts a spell at you.
You are confused.
You bump into the rock wall.
Sigmund gestures at you while chanting. The puff of flame hits you!
The fire burns you terribly!
Ouch! That really hurt!
You die...
Sigmund begins carving another notch in his scythe.

##...## #.#
#.....# #.#
#.....# #.#
#.....# #.#
#.....# #.#
##@####
#.######## #.#
#)......)#
#.#############.#
#...o@.@..# #.#
#########.# #.#
#.# #.# #.#####.#
#.......#
#########


You could see Sigmund and an orc.

Vanquished Creatures
  An ufetubus (D:5)
  An orc (D:3)
  A quokka (D:4)
  2 kobolds
5 creatures vanquished.

Notes
Turn   | Place    | Note
-------+----------+-------------------------------------------
     0 | D:5      | Kurtz the Mummy Delver began the quest for the Orb.
     0 | D:5      | Reached XP level 1. HP: 18/18 MP: 1/1
    82 | D:3      | Noticed Sigmund
   104 | D:3      | Reached XP level 2. HP: 24/24 MP: 2/2
   162 | D:3      | Killed from afar by Sigmund

Illustrated notes

Levels and vault maps discovered:
D:3:      layout_basic, corexii_shack, uniq_sigmund, uniq_robin
D:4:      layout_loops_cross, nzn_wu_jian_contemplation
D:5:      layout_rooms, nicolae_stop_n_shop_2, st_stairs_10

Skill      XL: |  1 |
---------------+----+-----
Axes           | 2 |  2.3
Fighting       | |  3.0
Dodging        | |  1.5
Stealth        | |  4.1

Action                     || total
---------------------------++-------
  Melee: Hand axe          ||    14
 Armour: Leather armour    ||    11
  Dodge: Dodged            ||     7

Table legend: (Time is in decaauts)
 A = Elapsed time spent in this place.
 B = Non-inter-level travel time spent in this place.
 C = Inter-level travel time spent in this place.
 D = Time resting spent in this place.
 E = Time spent auto-exploring this place.
 F = Levels seen in this place.
 G = Mean time per level.
                   A        B        C        D        E       F      G
               +--------+--------+--------+--------+--------+-----+--------+
         Total |    164 |    155 |      9 |     24 |     42 |   3 |   54.7 |
       Dungeon |    164 |    155 |      9 |     24 |     42 |   3 |   54.7 |
               +--------+--------+--------+--------+--------+-----+--------+

Top non-repeatable levels by time:
     D:3: 80 daAuts
     D:4: 72 daAuts
     D:5: 11 daAuts
